Arizona Coyotes vs New York Rangers

Created - lundi, 16 octobre 2023 at 19:00

Goals
1 2 3 T
Arizona Coyotes 0 1 1 2
New York Rangers 1 2 3 6
Shots
1 2 3 T
Arizona Coyotes 9 12 19 40
New York Rangers 14 6 12 32

1st period

1. New York Rangers , Torey Krug 1 (Chris Kreider 1, Pavel Buchnevich 1) at 8:28

Penalties :
Torey Krug (NYR) for Slashing (Minor) at 11:51

2nd period

2. New York Rangers , Pavel Buchnevich 3 (K'Andre Miller 2, Matt Boldy 1) at 5:27 (PP)
3. New York Rangers , Matt Boldy 1 (K'Andre Miller 3, Nicolas Roy 1) at 6:39 (PP)
4. Arizona Coyotes , Shane Pinto 1 (Jack McBain 1, Philip Broberg 2) at 16:57

Penalties :
Pavel Buchnevich (NYR) for Interference (Minor) at 1:40, Dysin Mayo (ARI) for Hooking (Minor) at 3:46, Barrett Hayton (ARI) for Hooking (Minor) at 6:01

3rd period

5. Arizona Coyotes , Jean-Gabriel Pageau 1 (Leon Draisaitl 2) at 0:43
6. New York Rangers , Artemi Panarin 2 (Matt Boldy 2, Vincent Trocheck 2) at 1:58
7. New York Rangers , Matt Boldy 2 (Artemi Panarin 1) at 2:56
8. New York Rangers , Torey Krug 2 (Vincent Trocheck 3, Ryan McDonagh 1) at 18:16

Penalties :
Mattias Ekholm (NYR) for Holding (Minor) at 4:52

Goalie Stats

Jake Oettinger (ARI), 19 saves from 24 shots - (0.792), L, 0-2-0, 42:56 minutes
Karel Vejmelka (ARI), 7 saves from 8 shots - (0.875), 17:04 minutes
Igor Shesterkin (NYR), 38 saves from 40 shots - (0.950), W, 2-1-0, 60:00 minutes

Players Stats for Arizona Coyotes

Player Name              G  A  P  +/- PIM S  H  SB GA TA FO     MP     PP MP  PK MP  
------------------------------------------------------------------------------------
Alex Nylander            0  0  0  -1  0   0  0  0  0  0  0/0     9:45   0:00   0:00 
Barrett Hayton           0  0  0  -1  2   2  1  2  0  0  11/24  17:22   2:13   0:00 
Christian Fischer        0  0  0  -1  0   4  2  1  0  0  0/0    16:48   1:55   0:45 
Clayton Keller           0  0  0  -1  0   3  0  0  0  0  2/2    18:36   3:30   0:00 
Dysin Mayo               0  0  0  -1  2   1  4  0  0  0  0/0    15:46   0:00   0:16 
Fabian Zetterlund        0  0  0  -1  0   1  0  2  0  0  5/10    9:45   0:00   0:00 
Jack McBain              0  1  1   1  0   2  1  0  0  0  2/2    14:29   0:32   1:12 
Jakob Chychrun           0  0  0  -2  0   2  0  1  0  0  0/0    24:02   2:55   0:21 
Jean-Gabriel Pageau      1  0  1  -1  0   4  1  0  0  0  1/2    19:34   3:30   0:58 
Kyle Capobianco          0  0  0  -1  0   0  1  0  0  0  0/0    16:57   0:26   1:00 
Leon Draisaitl           0  1  1  -1  0   11 2  0  0  0  17/29  18:50   3:44   0:00 
Nick Cousins             0  0  0   1  0   2  1  0  0  0  0/0    13:16   0:00   0:31 
Oliver Ekman-Larsson     0  0  0   1  0   0  2  1  0  0  0/0    18:19   2:36   1:18 
Phil Kessel              0  0  0  -1  0   1  0  0  0  0  0/2    17:05   1:55   0:00 
Philip Broberg           0  1  1   1  0   1  0  1  0  0  0/0    17:59   2:36   0:58 
Rasmus Dahlin            0  0  0  -2  0   2  2  2  0  0  0/0    24:52   3:21   0:45 
Shane Pinto              1  0  1   1  0   1  0  0  0  0  12/19  13:17   0:32   0:00 
Tyler Pitlick            0  0  0  -1  0   3  0  0  0  0  0/2    10:57   0:00   1:12 

Players Stats for New York Rangers

Player Name              G  A  P  +/- PIM S  H  SB GA TA FO     MP     PP MP  PK MP  
------------------------------------------------------------------------------------
Artemi Panarin           1  1  2   3  0   3  0  0  0  0  1/3    18:05   0:52   1:17 
Chris Kreider            0  1  1   0  0   1  2  0  0  0  1/1    16:27   0:52   0:00 
Cole Perfetti            0  0  0   0  0   1  1  0  0  0  0/0    12:54   0:00   0:00 
Conor Timmins            0  0  0   0  0   0  0  1  0  0  0/0    20:47   0:52   0:49 
Dawson Mercer            0  0  0   0  0   4  0  0  0  0  2/2    12:54   0:00   0:00 
Jesper Fast              0  0  0  -1  0   3  0  0  0  0  1/2     9:59   0:00   2:40 
Josh Manson              0  0  0  -1  0   1  0  3  0  0  0/0    19:40   0:00   2:33 
K'Andre Miller           0  2  2  -1  0   0  2  2  0  0  0/0    21:09   1:27   2:50 
Kent Johnson             0  0  0  -1  0   1  0  0  0  0  0/0     7:19   0:00   0:00 
Kevin Hayes              0  0  0   0  0   1  0  0  0  0  10/24  16:27   0:52   0:00 
Luke Glendening          0  0  0  -1  0   1  1  0  0  0  6/15   10:32   0:00   3:13 
Matt Boldy               2  2  4   3  0   4  1  0  0  0  0/0    17:23   1:27   0:00 
Mattias Ekholm           0  0  0   0  2   0  3  1  0  0  0/0    21:26   0:00   1:22 
Nicolas Roy              0  1  1   0  0   0  1  0  0  0  6/18   14:21   1:27   0:00 
Pavel Buchnevich         1  1  2   0  2   4  1  0  0  0  0/0    19:58   1:27   2:00 
Ryan McDonagh            0  1  1   3  0   2  0  2  0  0  0/0    19:47   0:52   3:26 
Torey Krug               2  0  2   3  2   2  0  0  0  0  0/0    16:12   1:27   0:54 
Vincent Trocheck         0  2  2   3  0   4  1  1  0  0  15/27  18:40   0:00   2:44 

3 Stars

1 - Matt Boldy (NYR)
2 - Torey Krug (NYR)
3 - Artemi Panarin (NYR)

Power Play

Arizona Coyotes - 0 on 3 Attempt(s) - 0.00%
New York Rangers - 2 on 2 Attempt(s) - 100.00%

Penalty Kill

Arizona Coyotes - 0 on 2 Attempt(s) - 0.00% - Score 0 goal in Penalty Kill
New York Rangers - 3 on 3 Attempt(s) - 100.00% - Score 0 goal in Penalty Kill

Team Stat

Arizona Coyotes - Hits : 17 - Faceoff Wins : 50 - Blocked Shots : 10 - Penalty Minutes : 4
New York Rangers - Hits : 13 - Faceoff Wins : 42 - Blocked Shots : 10 - Penalty Minutes : 6

Official

Referees : Corey Syvret and Pierre Lambert
Linesman : Ryan Gibbons and Travis Toomey

Game Notes

Karel Vejmelka enters game at 2:56 of 3rd period

Finance

Level 1 -- Attendance: 10347 (97.61%) -- Ticket Income $ 931 230
Level 2 -- Attendance: 1870 (85.00%) -- Ticket Income $ 140 250
Level 3 -- Attendance: 3568 (96.43%) -- Ticket Income $ 160 560
Level 4 -- Attendance: 1389 (95.79%) -- Ticket Income $ 41 670
Luxury Box -- Attendance: 44 (88.00%) -- Ticket Income $ 9 680
Game was played at the Madison Square Garden.
Total Attendance: 17218 (95.66%)
Total Ticket Income: $ 1 283 390
Total Income: $ 1 283 390

Arizona Coyotes

5 vs 5 Forward 
   Center                   Left Wing                Right Wing               Time % Phy DF OF 
 1 Leon Draisaitl           Clayton Keller           Jean-Gabriel Pageau      30     1   2  2  
 2 Barrett Hayton           Christian Fischer        Phil Kessel              30     1   2  2  
 3 Shane Pinto              Nick Cousins             Jack McBain              25     1   2  2  
 4 Fabian Zetterlund        Tyler Pitlick            Alex Nylander            15     1   2  2  

5 vs 5 Defense 
   Defense                  Defense                                           Time % Phy DF OF 
 1 Rasmus Dahlin            Jakob Chychrun                                    30     1   2  2  
 2 Oliver Ekman-Larsson     Philip Broberg                                    30     1   2  2  
 3 Kyle Capobianco          Dysin Mayo                                        25     1   2  2  
 4 Rasmus Dahlin            Jakob Chychrun                                    15     1   2  2  

PowerPlay Forward 
   Center                   Left Wing                Right Wing               Time % Phy DF OF 
 1 Leon Draisaitl           Clayton Keller           Jean-Gabriel Pageau      50     1   2  2  
 2 Barrett Hayton           Christian Fischer        Phil Kessel              50     1   2  2  

PowerPlay Defense
   Defense                  Defense                                           Time % Phy DF OF 
 1 Rasmus Dahlin            Jakob Chychrun                                    50     1   2  2  
 2 Oliver Ekman-Larsson     Philip Broberg                                    50     1   2  2  

Penalty Kill 4 Players Forward 
   Center                   Wing                     Time % Phy DF OF 
 1 Jack McBain              Tyler Pitlick            50     1   2  2  
 2 Jean-Gabriel Pageau      Christian Fischer        50     1   2  2  

Penalty Kill 4 Players Defense
   Defense                  Defense                  Time % Phy DF OF 
 1 Dysin Mayo               Kyle Capobianco          50     1   2  2  
 2 Oliver Ekman-Larsson     Philip Broberg           50     1   2  2  

Penalty Kill - 3 Players Forward 
   Forward                                           Time % Phy DF OF 
 1 Christian Fischer                                 50     1   2  2  
 2 Jack McBain                                       50     1   2  2  

Penalty Kill - 3 Players Defense
   Defense                  Defense                  Time % Phy DF OF 
 1 Dysin Mayo               Kyle Capobianco          50     1   2  2  
 2 Oliver Ekman-Larsson     Philip Broberg           50     1   2  2  

4 vs 4 Forward 
   Center                   Wing                     Time % Phy DF OF 
 1 Leon Draisaitl           Clayton Keller           50     1   2  2  
 2 Jean-Gabriel Pageau      Barrett Hayton           50     1   2  2  

4 vs 4 Defense
   Defense                  Defense                  Time % Phy DF OF 
 1 Rasmus Dahlin            Jakob Chychrun           50     1   2  2  
 2 Oliver Ekman-Larsson     Philip Broberg           50     1   2  2  

Last Minutes Offensive
   Center                   Left Wing                Right Wing               Defense                  Defense                  
   Leon Draisaitl           Clayton Keller           Jean-Gabriel Pageau      Rasmus Dahlin            Jakob Chychrun           

Last Minutes Defensive
   Center                   Left Wing                Right Wing               Defense                  Defense                  
   Leon Draisaitl           Clayton Keller           Jean-Gabriel Pageau      Rasmus Dahlin            Jakob Chychrun           

Goaltenders
Starting : Jake Oettinger           
Backup : Karel Vejmelka           

Extra Forwards
Normal : Shane Pinto, Jack McBain, Nick Cousins - PP : Shane Pinto, Jack McBain - PK : Nick Cousins
Extra Defensemen
Normal : Kyle Capobianco, Dysin Mayo, Oliver Ekman-Larsson - PP : Kyle Capobianco - PK : Dysin Mayo, Oliver Ekman-Larsson
Penalty Shots
Leon Draisaitl, Clayton Keller, Jean-Gabriel Pageau, Barrett Hayton, Phil Kessel
Custom OT Lines Forwards
Leon Draisaitl, Clayton Keller, Jean-Gabriel Pageau, Barrett Hayton, Phil Kessel, Shane Pinto, Christian Fischer, Jack McBain, Nick Cousins, Fabian Zetterlund
Custom OT Lines Defensemen
Rasmus Dahlin, Jakob Chychrun, Oliver Ekman-Larsson, Philip Broberg, Kyle Capobianco

Scratches
Lane Pederson (Healthy), Michael Carcone (Healthy), Connor Ingram (Healthy)

New York Rangers

5 vs 5 Forward 
   Center                   Left Wing                Right Wing               Time % Phy DF OF 
 1 Vincent Trocheck         Artemi Panarin           Matt Boldy               30     1   2  2  
 2 Kevin Hayes              Pavel Buchnevich         Chris Kreider            30     1   2  2  
 3 Nicolas Roy              Cole Perfetti            Dawson Mercer            25     1   2  2  
 4 Luke Glendening          Kent Johnson             Jesper Fast              15     1   2  2  

5 vs 5 Defense 
   Defense                  Defense                                           Time % Phy DF OF 
 1 Mattias Ekholm           Conor Timmins                                     40     1   2  2  
 2 K'Andre Miller           Josh Manson                                       35     1   2  2  
 3 Ryan McDonagh            Torey Krug                                        25     1   2  2  
 4 Josh Manson              Ryan McDonagh                                     0      1   2  2  

PowerPlay Forward 
   Center                   Left Wing                Right Wing               Time % Phy DF OF 
 1 Kevin Hayes              Artemi Panarin           Chris Kreider            50     0   0  5  
 2 Nicolas Roy              Matt Boldy               Pavel Buchnevich         50     0   0  5  

PowerPlay Defense
   Defense                  Defense                                           Time % Phy DF OF 
 1 K'Andre Miller           Torey Krug                                        50     0   1  4  
 2 Conor Timmins            Ryan McDonagh                                     50     0   1  4  

Penalty Kill 4 Players Forward 
   Center                   Wing                     Time % Phy DF OF 
 1 Vincent Trocheck         Jesper Fast              50     1   4  0  
 2 Luke Glendening          Pavel Buchnevich         50     1   4  0  

Penalty Kill 4 Players Defense
   Defense                  Defense                  Time % Phy DF OF 
 1 Mattias Ekholm           K'Andre Miller           50     1   4  0  
 2 Ryan McDonagh            Josh Manson              50     1   4  0  

Penalty Kill - 3 Players Forward 
   Forward                                           Time % Phy DF OF 
 1 Vincent Trocheck                                  50     0   5  0  
 2 Luke Glendening                                   50     0   5  0  

Penalty Kill - 3 Players Defense
   Defense                  Defense                  Time % Phy DF OF 
 1 Matt Boldy               Ryan McDonagh            50     0   5  0  
 2 K'Andre Miller           Conor Timmins            50     0   5  0  

4 vs 4 Forward 
   Center                   Wing                     Time % Phy DF OF 
 1 Kevin Hayes              Matt Boldy               50     1   2  2  
 2 Luke Glendening          Jesper Fast              50     1   2  2  

4 vs 4 Defense
   Defense                  Defense                  Time % Phy DF OF 
 1 Mattias Ekholm           Ryan McDonagh            50     1   2  2  
 2 K'Andre Miller           Josh Manson              50     1   2  2  

Last Minutes Offensive
   Center                   Left Wing                Right Wing               Defense                  Defense                  
   Vincent Trocheck         Chris Kreider            Pavel Buchnevich         K'Andre Miller           Torey Krug               

Last Minutes Defensive
   Center                   Left Wing                Right Wing               Defense                  Defense                  
   Luke Glendening          Nicolas Roy              Jesper Fast              Mattias Ekholm           Ryan McDonagh            

Goaltenders
Starting : Igor Shesterkin          
Backup : Alex Lyon                

Extra Forwards
Normal : Cole Perfetti, Dawson Mercer, Jesper Fast - PP : Cole Perfetti, Kevin Hayes - PK : Luke Glendening
Extra Defensemen
Normal : Conor Timmins, Josh Manson, Mattias Ekholm - PP : K'Andre Miller - PK : Mattias Ekholm, Ryan McDonagh
Penalty Shots
Artemi Panarin, Matt Boldy, Pavel Buchnevich, Chris Kreider, Kent Johnson
Custom OT Lines Forwards
Pavel Buchnevich, Chris Kreider, Cole Perfetti, Dawson Mercer, Kent Johnson, Kevin Hayes, Luke Glendening, Matt Boldy, Vincent Trocheck, Artemi Panarin
Custom OT Lines Defensemen
Mattias Ekholm, Ryan McDonagh, Torey Krug, Conor Timmins, Josh Manson

Scratches
Jaroslav Halak (Healthy)

% Time on Ice - Arizona Coyotes

Lines # - Real PCT - Wanted PCT - Time Play
Normal Forward
1 - 29% - 30% - 15:06
2 - 27% - 30% - 14:08
3 - 25% - 25% - 12:45
4 - 19% - 15% - 9:45
Normal Defense
1 - 28% - 30% - 14:33
2 - 30% - 30% - 15:27
3 - 30% - 25% - 15:31
4 - 12% - 15% - 6:13
PP Forward
1 - 63% - 50% - 3:44
2 - 37% - 50% - 2:13
PP Defense
1 - 56% - 50% - 3:21
2 - 44% - 50% - 2:36
PK Forward
1 - 52% - 50% - 1:12
2 - 48% - 50% - 1:07
PK Defense
1 - 58% - 50% - 1:21
2 - 42% - 50% - 0:58
PK3 Forward
1 - 0% - 50%
2 - 0% - 50%
PK3 Defense
1 - 0% - 50%
2 - 0% - 50%
44 Forward
1 - 0% - 50%
2 - 0% - 50%
44 Defense
1 - 0% - 50%
2 - 0% - 50%
Last Minute Offensive  - 0:00
Last Minute Defensive  - 0:00
Total
Forward - 60:00
Defense - 60:00

% Time on Ice - New York Rangers

Lines # - Real PCT - Wanted PCT - Time Play
Normal Forward
1 - 31% - 30% - 15:56
2 - 30% - 30% - 15:35
3 - 25% - 25% - 12:54
4 - 14% - 15% - 7:19
Normal Defense
1 - 40% - 40% - 20:47
2 - 29% - 35% - 14:47
3 - 27% - 25% - 13:50
4 - 5% - 0% - 2:20
PP Forward
1 - 37% - 50% - 0:52
2 - 63% - 50% - 1:27
PP Defense
1 - 63% - 50% - 1:27
2 - 37% - 50% - 0:52
PK Forward
1 - 46% - 50% - 2:44
2 - 54% - 50% - 3:13
PK Defense
1 - 52% - 50% - 3:06
2 - 48% - 50% - 2:51
PK3 Forward
1 - 0% - 50%
2 - 0% - 50%
PK3 Defense
1 - 0% - 50%
2 - 0% - 50%
44 Forward
1 - 0% - 50%
2 - 0% - 50%
44 Defense
1 - 0% - 50%
2 - 0% - 50%
Last Minute Offensive  - 0:00
Last Minute Defensive  - 0:00
Total
Forward - 60:00
Defense - 60:00

Play-by-Play

1st period


0:01 of 1st period - Vincent Trocheck wins face-off versus Leon Draisaitl in neutral zone.
0:15 of 1st period - Shot by Clayton Keller.
0:15 of 1st period - Deflect By Leon Draisaitl.
0:15 of 1st period - Shot Misses the Net.
0:27 of 1st period - Shot by Vincent Trocheck.
0:27 of 1st period - Stopped by Jake Oettinger without a rebound.
0:28 of 1st period - Kevin Hayes wins face-off versus Barrett Hayton in Arizona Coyotes zone.
0:59 of 1st period - Shot by Pavel Buchnevich.
0:59 of 1st period - Shot Misses the Net.
1:01 of 1st period - Shot by Josh Manson.
1:01 of 1st period - Stopped by Jake Oettinger without a rebound.
1:02 of 1st period - Shane Pinto wins face-off versus Nicolas Roy in Arizona Coyotes zone.
1:12 of 1st period - Off-side.
1:13 of 1st period - Luke Glendening wins face-off versus Fabian Zetterlund in neutral zone.
1:26 of 1st period - Shot by Fabian Zetterlund.
1:26 of 1st period - Deflect By Tyler Pitlick.
1:26 of 1st period - Shot Misses the Net.
1:28 of 1st period - Shot by Jakob Chychrun.
1:28 of 1st period - Shot Hit the Post.
1:32 of 1st period - Shot by Rasmus Dahlin.
1:32 of 1st period - Deflect By Fabian Zetterlund.
1:32 of 1st period - Stopped by Igor Shesterkin with a rebound.
1:34 of 1st period - Shot by Jakob Chychrun.
1:34 of 1st period - Stopped by Igor Shesterkin without a rebound.
1:35 of 1st period - Nicolas Roy wins face-off versus Shane Pinto in New York Rangers zone.
1:47 of 1st period - Shot by Dysin Mayo.
1:47 of 1st period - Stopped by Igor Shesterkin without a rebound.
1:48 of 1st period - Leon Draisaitl wins face-off versus Artemi Panarin in New York Rangers zone.
2:11 of 1st period - Leon Draisaitl is hit by Vincent Trocheck and loses puck.
3:29 of 1st period - Icing by Ryan McDonagh.
3:30 of 1st period - Fabian Zetterlund wins face-off versus Nicolas Roy in New York Rangers zone.
4:35 of 1st period - Shot by Barrett Hayton.
4:35 of 1st period - Stopped by Igor Shesterkin without a rebound.
4:36 of 1st period - Leon Draisaitl wins face-off versus Vincent Trocheck in New York Rangers zone.
4:48 of 1st period - Shot by Leon Draisaitl.
4:48 of 1st period - Stopped by Igor Shesterkin without a rebound.
4:49 of 1st period - Shane Pinto wins face-off versus Luke Glendening in New York Rangers zone.
4:52 of 1st period - Shot by Nick Cousins.
4:52 of 1st period - Stopped by Igor Shesterkin without a rebound.
4:53 of 1st period - Shane Pinto wins face-off versus Luke Glendening in New York Rangers zone.
5:12 of 1st period - Shot by Jesper Fast.
5:12 of 1st period - Stopped by Jake Oettinger without a rebound.
5:13 of 1st period - Kevin Hayes wins face-off versus Barrett Hayton in Arizona Coyotes zone.
5:30 of 1st period - Shot by Barrett Hayton.
5:30 of 1st period - Shot Misses the Net.
5:32 of 1st period - Shot by Christian Fischer.
5:32 of 1st period - Stopped by Igor Shesterkin without a rebound.
5:33 of 1st period - Leon Draisaitl wins face-off versus Vincent Trocheck in New York Rangers zone.
7:03 of 1st period - Icing by Rasmus Dahlin.
7:04 of 1st period - Leon Draisaitl wins face-off versus Nicolas Roy in Arizona Coyotes zone.
7:29 of 1st period - Shot by Nicolas Roy.
7:29 of 1st period - Deflect By Dawson Mercer.
7:29 of 1st period - Stopped by Jake Oettinger with a rebound.
8:08 of 1st period - Shot by Luke Glendening.
8:08 of 1st period - Stopped by Jake Oettinger without a rebound.
8:09 of 1st period - Fabian Zetterlund wins face-off versus Kevin Hayes in Arizona Coyotes zone.
8:18 of 1st period - Shot by Pavel Buchnevich.
8:18 of 1st period - Shot Misses the Net.
8:24 of 1st period - Shot by Pavel Buchnevich.
8:24 of 1st period - Shot Misses the Net.
8:26 of 1st period - Shot by Chris Kreider.
8:26 of 1st period - Shot Misses the Net.
8:28 of 1st period - Shot by Torey Krug.
8:28 of 1st period - Goal by Torey Krug - Arizona Coyotes : 0 - New York Rangers : 1.
8:29 of 1st period - Shane Pinto wins face-off versus Vincent Trocheck in neutral zone.
8:45 of 1st period - Shot by Vincent Trocheck.
8:45 of 1st period - Stopped by Jake Oettinger with a rebound.
9:42 of 1st period - Shot by Christian Fischer.
9:42 of 1st period - Stopped by Igor Shesterkin without a rebound.
9:43 of 1st period - Nicolas Roy wins face-off versus Fabian Zetterlund in New York Rangers zone.
9:48 of 1st period - Fabian Zetterlund is hit by Cole Perfetti.
9:56 of 1st period - Shot by Nicolas Roy.
9:56 of 1st period - Shot Misses the Net.
10:02 of 1st period - Shot by Dawson Mercer.
10:02 of 1st period - Shot Blocked by Fabian Zetterlund.
10:05 of 1st period - Icing by Kyle Capobianco.
10:06 of 1st period - Vincent Trocheck wins face-off versus Tyler Pitlick in Arizona Coyotes zone.
10:07 of 1st period - Shot by Matt Boldy.
10:07 of 1st period - Shot Blocked by Fabian Zetterlund.
10:21 of 1st period - Shot by Vincent Trocheck.
10:21 of 1st period - Stopped by Jake Oettinger with a rebound.
10:48 of 1st period - Shot by Jesper Fast.
10:48 of 1st period - Deflect By Kent Johnson.
10:48 of 1st period - Stopped by Jake Oettinger without a rebound.
10:49 of 1st period - Kevin Hayes wins face-off versus Barrett Hayton in Arizona Coyotes zone.
10:54 of 1st period - Shot by Chris Kreider.
10:54 of 1st period - Shot Blocked by Rasmus Dahlin.
11:51 of 1st period - Minor Penalty to Torey Krug for Slashing.
11:52 of 1st period - Clayton Keller wins face-off versus Vincent Trocheck in New York Rangers zone.
12:21 of 1st period - Shot by Leon Draisaitl.
12:21 of 1st period - Shot Hit the Post.
12:44 of 1st period - Icing by Barrett Hayton.
12:45 of 1st period - Vincent Trocheck wins face-off versus Barrett Hayton in Arizona Coyotes zone.
13:52 of 1st period - Shot by Leon Draisaitl.
13:52 of 1st period - Stopped by Igor Shesterkin without a rebound.
13:53 of 1st period - Fabian Zetterlund wins face-off versus Nicolas Roy in New York Rangers zone.
14:18 of 1st period - Nicolas Roy is hit by Dysin Mayo and loses puck.
14:24 of 1st period - Icing by Dysin Mayo.
14:25 of 1st period - Vincent Trocheck wins face-off versus Fabian Zetterlund in Arizona Coyotes zone.
14:27 of 1st period - Artemi Panarin is hit by Dysin Mayo and loses puck.
14:36 of 1st period - Shot by Matt Boldy.
14:36 of 1st period - Stopped by Jake Oettinger with a rebound.
14:38 of 1st period - Shot by Artemi Panarin.
14:38 of 1st period - Deflect By Matt Boldy.
14:38 of 1st period - Shot Misses the Net.
14:42 of 1st period - Shot by Matt Boldy.
14:42 of 1st period - Stopped by Jake Oettinger without a rebound.
14:43 of 1st period - Kevin Hayes wins face-off versus Shane Pinto in Arizona Coyotes zone.
14:46 of 1st period - Shot by Chris Kreider.
14:46 of 1st period - Stopped by Jake Oettinger without a rebound.
14:47 of 1st period - Leon Draisaitl wins face-off versus Kevin Hayes in Arizona Coyotes zone.
14:55 of 1st period - Icing by Jakob Chychrun.
14:56 of 1st period - Leon Draisaitl wins face-off versus Vincent Trocheck in Arizona Coyotes zone.
14:58 of 1st period - Icing by Clayton Keller.
14:59 of 1st period - Jesper Fast wins face-off versus Leon Draisaitl in Arizona Coyotes zone.
15:14 of 1st period - Jesper Fast is hit by Leon Draisaitl and loses puck.
15:20 of 1st period - Leon Draisaitl is hit by K'Andre Miller and loses puck.
15:23 of 1st period - Shot by Jean-Gabriel Pageau.
15:23 of 1st period - Shot Blocked by K'Andre Miller.
15:30 of 1st period - Shot by Rasmus Dahlin.
15:30 of 1st period - Shot Blocked by Josh Manson.
15:35 of 1st period - Leon Draisaitl is hit by K'Andre Miller and loses puck.
15:45 of 1st period - Off-side.
15:46 of 1st period - Vincent Trocheck wins face-off versus Barrett Hayton in neutral zone.
15:48 of 1st period - Mattias Ekholm is hit by Oliver Ekman-Larsson and loses puck.
15:53 of 1st period - Shot by Matt Boldy.
15:53 of 1st period - Shot Misses the Net.
16:03 of 1st period - Shot by Artemi Panarin.
16:03 of 1st period - Stopped by Jake Oettinger without a rebound.
16:04 of 1st period - Shane Pinto wins face-off versus Kevin Hayes in Arizona Coyotes zone.
16:21 of 1st period - Icing by Torey Krug.
16:22 of 1st period - Barrett Hayton wins face-off versus Kevin Hayes in New York Rangers zone.
16:39 of 1st period - Shot by Kevin Hayes.
16:39 of 1st period - Shot Blocked by Philip Broberg.
16:41 of 1st period - Shot by Pavel Buchnevich.
16:41 of 1st period - Stopped by Jake Oettinger with a rebound.
16:52 of 1st period - Icing by Oliver Ekman-Larsson.
16:53 of 1st period - Vincent Trocheck wins face-off versus Barrett Hayton in Arizona Coyotes zone.
17:19 of 1st period - Shane Pinto is hit by Mattias Ekholm and loses puck.
17:49 of 1st period - Vincent Trocheck is hit by Kyle Capobianco and loses puck.
18:07 of 1st period - Clayton Keller is hit by Mattias Ekholm and loses puck.
18:16 of 1st period - Shot by Leon Draisaitl.
18:16 of 1st period - Shot Misses the Net.
18:39 of 1st period - Fabian Zetterlund is hit by Mattias Ekholm and loses puck.
18:53 of 1st period - Icing by Mattias Ekholm.
18:54 of 1st period - Vincent Trocheck wins face-off versus Phil Kessel in New York Rangers zone.
19:44 of 1st period - Shot by Nick Cousins.
19:44 of 1st period - Shot Misses the Net.
Goals for this period are 0 for Arizona Coyotes vs 1 for New York Rangers.
Shots for this period are 9 for Arizona Coyotes vs 14 for New York Rangers.

2nd period


0:01 of 2nd period - Leon Draisaitl wins face-off versus Kevin Hayes in neutral zone.
0:04 of 2nd period - Shot by Clayton Keller.
0:04 of 2nd period - Stopped by Igor Shesterkin without a rebound.
0:05 of 2nd period - Kevin Hayes wins face-off versus Leon Draisaitl in New York Rangers zone.
0:10 of 2nd period - Leon Draisaitl is hit by Pavel Buchnevich and loses puck.
0:29 of 2nd period - Shot by Leon Draisaitl.
0:29 of 2nd period - Stopped by Igor Shesterkin without a rebound.
0:30 of 2nd period - Barrett Hayton wins face-off versus Nicolas Roy in New York Rangers zone.
0:51 of 2nd period - Shot by Mattias Ekholm.
0:51 of 2nd period - Shot Blocked by Rasmus Dahlin.
0:58 of 2nd period - Icing by Mattias Ekholm.
0:59 of 2nd period - Shane Pinto wins face-off versus Nicolas Roy in New York Rangers zone.
1:40 of 2nd period - Minor Penalty to Pavel Buchnevich for Interference.
1:41 of 2nd period - Leon Draisaitl wins face-off versus Vincent Trocheck in New York Rangers zone.
1:42 of 2nd period - Shot by Clayton Keller.
1:42 of 2nd period - Deflect By Leon Draisaitl.
1:42 of 2nd period - Stopped by Igor Shesterkin without a rebound.
1:43 of 2nd period - Barrett Hayton wins face-off versus Luke Glendening in New York Rangers zone.
1:51 of 2nd period - Icing by Rasmus Dahlin.
1:52 of 2nd period - Barrett Hayton wins face-off versus Vincent Trocheck in Arizona Coyotes zone.
2:02 of 2nd period - Shot by Rasmus Dahlin.
2:02 of 2nd period - Stopped by Igor Shesterkin without a rebound.
2:03 of 2nd period - Leon Draisaitl wins face-off versus Luke Glendening in New York Rangers zone.
2:04 of 2nd period - Shot by Clayton Keller.
2:04 of 2nd period - Shot Blocked by Ryan McDonagh.
2:06 of 2nd period - Shot by Leon Draisaitl.
2:06 of 2nd period - Stopped by Igor Shesterkin without a rebound.
2:07 of 2nd period - Leon Draisaitl wins face-off versus Luke Glendening in New York Rangers zone.
2:08 of 2nd period - Shot by Rasmus Dahlin.
2:08 of 2nd period - Deflect By Leon Draisaitl.
2:08 of 2nd period - Shot Misses the Net.
2:10 of 2nd period - Shot by Rasmus Dahlin.
2:10 of 2nd period - Shot Misses the Net.
2:12 of 2nd period - Shot by Jean-Gabriel Pageau.
2:12 of 2nd period - Shot Blocked by Josh Manson.
2:18 of 2nd period - Shot by Leon Draisaitl.
2:18 of 2nd period - Shot Blocked by Ryan McDonagh.
2:20 of 2nd period - Shot by Jean-Gabriel Pageau.
2:20 of 2nd period - Shot Misses the Net.
2:24 of 2nd period - Shot by Jean-Gabriel Pageau.
2:24 of 2nd period - Deflect By Leon Draisaitl.
2:24 of 2nd period - Stopped by Igor Shesterkin with a rebound.
2:26 of 2nd period - Shot by Leon Draisaitl.
2:26 of 2nd period - Shot Misses the Net.
2:47 of 2nd period - Shot by Jakob Chychrun.
2:47 of 2nd period - Stopped by Igor Shesterkin without a rebound.
2:48 of 2nd period - Barrett Hayton wins face-off versus Jesper Fast in New York Rangers zone.
3:15 of 2nd period - Shot by Phil Kessel.
3:15 of 2nd period - Stopped by Igor Shesterkin without a rebound.
3:16 of 2nd period - Luke Glendening wins face-off versus Leon Draisaitl in New York Rangers zone.
3:46 of 2nd period - Minor Penalty to Dysin Mayo for Hooking.
3:47 of 2nd period - Jack McBain wins face-off versus Nicolas Roy in Arizona Coyotes zone.
4:50 of 2nd period - Shot by Conor Timmins.
4:50 of 2nd period - Shot Blocked by Oliver Ekman-Larsson.
5:27 of 2nd period - Shot by Pavel Buchnevich.
5:27 of 2nd period - Goal by Pavel Buchnevich - Arizona Coyotes : 0 - New York Rangers : 2.
5:28 of 2nd period - Luke Glendening wins face-off versus Barrett Hayton in neutral zone.
5:35 of 2nd period - Shot by Jesper Fast.
5:35 of 2nd period - Shot Misses the Net.
5:42 of 2nd period - Icing by Jakob Chychrun.
5:43 of 2nd period - Kevin Hayes wins face-off versus Barrett Hayton in Arizona Coyotes zone.
5:50 of 2nd period - Shot by Pavel Buchnevich.
5:50 of 2nd period - Shot Misses the Net.
6:01 of 2nd period - Minor Penalty to Barrett Hayton for Hooking.
6:02 of 2nd period - Jack McBain wins face-off versus Kevin Hayes in Arizona Coyotes zone.
6:17 of 2nd period - Shot by Artemi Panarin.
6:17 of 2nd period - Stopped by Jake Oettinger without a rebound.
6:18 of 2nd period - Jean-Gabriel Pageau wins face-off versus Nicolas Roy in Arizona Coyotes zone.
6:39 of 2nd period - Shot by Matt Boldy.
6:39 of 2nd period - Goal by Matt Boldy - Arizona Coyotes : 0 - New York Rangers : 3.
6:40 of 2nd period - Luke Glendening wins face-off versus Leon Draisaitl in neutral zone.
8:46 of 2nd period - Shot by Kevin Hayes.
8:46 of 2nd period - Shot Misses the Net.
8:55 of 2nd period - Off-side.
8:56 of 2nd period - Leon Draisaitl wins face-off versus Nicolas Roy in neutral zone.
9:05 of 2nd period - Shot by Dawson Mercer.
9:05 of 2nd period - Stopped by Jake Oettinger without a rebound.
9:06 of 2nd period - Vincent Trocheck wins face-off versus Fabian Zetterlund in Arizona Coyotes zone.
9:27 of 2nd period - Shot by Artemi Panarin.
9:27 of 2nd period - Shot Misses the Net.
10:46 of 2nd period - Shot by Jean-Gabriel Pageau.
10:46 of 2nd period - Shot Misses the Net.
11:12 of 2nd period - Nicolas Roy is hit by Jean-Gabriel Pageau.
11:30 of 2nd period - Dawson Mercer is hit by Leon Draisaitl and loses puck.
12:02 of 2nd period - Off-side.
12:03 of 2nd period - Kevin Hayes wins face-off versus Barrett Hayton in neutral zone.
12:08 of 2nd period - Shot by Pavel Buchnevich.
12:08 of 2nd period - Stopped by Jake Oettinger without a rebound.
12:09 of 2nd period - Luke Glendening wins face-off versus Shane Pinto in Arizona Coyotes zone.
13:13 of 2nd period - Ryan McDonagh is hit by Barrett Hayton and loses puck.
13:28 of 2nd period - Shot by Vincent Trocheck.
13:28 of 2nd period - Shot Blocked by Barrett Hayton.
13:33 of 2nd period - Icing by Barrett Hayton.
13:34 of 2nd period - Barrett Hayton wins face-off versus Kevin Hayes in Arizona Coyotes zone.
15:48 of 2nd period - Icing by Barrett Hayton.
15:49 of 2nd period - Leon Draisaitl wins face-off versus Luke Glendening in Arizona Coyotes zone.
16:04 of 2nd period - Shot by Jesper Fast.
16:04 of 2nd period - Stopped by Jake Oettinger without a rebound.
16:05 of 2nd period - Vincent Trocheck wins face-off versus Tyler Pitlick in Arizona Coyotes zone.
16:33 of 2nd period - Artemi Panarin is hit by Dysin Mayo and loses puck.
16:55 of 2nd period - Shot by Jack McBain.
16:55 of 2nd period - Shot Blocked by Mattias Ekholm.
16:57 of 2nd period - Shot by Shane Pinto.
16:57 of 2nd period - Goal by Shane Pinto - Arizona Coyotes : 1 - New York Rangers : 3.
16:58 of 2nd period - Shane Pinto wins face-off versus Nicolas Roy in neutral zone.
17:01 of 2nd period - Ryan McDonagh is hit by Nick Cousins.
17:15 of 2nd period - Shot by Nick Cousins.
17:15 of 2nd period - Stopped by Igor Shesterkin without a rebound.
17:16 of 2nd period - Vincent Trocheck wins face-off versus Leon Draisaitl in New York Rangers zone.
17:55 of 2nd period - Icing by Leon Draisaitl.
17:56 of 2nd period - Leon Draisaitl wins face-off versus Kevin Hayes in Arizona Coyotes zone.
18:41 of 2nd period - Shot by Dawson Mercer.
18:41 of 2nd period - Shot Misses the Net.
18:55 of 2nd period - Alex Nylander is hit by Nicolas Roy and loses puck.
19:12 of 2nd period - Shot by Tyler Pitlick.
19:12 of 2nd period - Stopped by Igor Shesterkin without a rebound.
19:13 of 2nd period - Barrett Hayton wins face-off versus Vincent Trocheck in New York Rangers zone.
19:16 of 2nd period - Shot by Barrett Hayton.
19:16 of 2nd period - Shot Misses the Net.
19:24 of 2nd period - Shot by Christian Fischer.
19:24 of 2nd period - Shot Misses the Net.
19:26 of 2nd period - Shot by Philip Broberg.
19:26 of 2nd period - Shot Misses the Net.
19:28 of 2nd period - Shot by Christian Fischer.
19:28 of 2nd period - Stopped by Igor Shesterkin without a rebound.
19:29 of 2nd period - Fabian Zetterlund wins face-off versus Kevin Hayes in New York Rangers zone.
19:41 of 2nd period - Kevin Hayes is hit by Rasmus Dahlin and loses puck.
19:44 of 2nd period - Shot by Chris Kreider.
19:44 of 2nd period - Shot Misses the Net.
19:50 of 2nd period - Shot by Chris Kreider.
19:50 of 2nd period - Shot Misses the Net.
19:52 of 2nd period - Shot by Pavel Buchnevich.
19:52 of 2nd period - Shot Blocked by Jakob Chychrun.
Goals for this period are 1 for Arizona Coyotes vs 2 for New York Rangers.
Shots for this period are 12 for Arizona Coyotes vs 6 for New York Rangers.

3rd period


0:01 of 3rd period - Kevin Hayes wins face-off versus Barrett Hayton in neutral zone.
0:32 of 3rd period - Shot by Christian Fischer.
0:32 of 3rd period - Stopped by Igor Shesterkin with a rebound.
0:34 of 3rd period - Shot by Christian Fischer.
0:34 of 3rd period - Shot Blocked by Josh Manson.
0:41 of 3rd period - Icing by K'Andre Miller.
0:42 of 3rd period - Leon Draisaitl wins face-off versus Kevin Hayes in New York Rangers zone.
0:43 of 3rd period - Shot by Jean-Gabriel Pageau.
0:43 of 3rd period - Goal by Jean-Gabriel Pageau - Arizona Coyotes : 2 - New York Rangers : 3.
0:44 of 3rd period - Nicolas Roy wins face-off versus Jean-Gabriel Pageau in neutral zone.
0:59 of 3rd period - Shot by Dawson Mercer.
0:59 of 3rd period - Stopped by Jake Oettinger without a rebound.
1:00 of 3rd period - Shane Pinto wins face-off versus Vincent Trocheck in Arizona Coyotes zone.
1:15 of 3rd period - Icing by Jack McBain.
1:16 of 3rd period - Dawson Mercer wins face-off versus Shane Pinto in Arizona Coyotes zone.
1:25 of 3rd period - Shot by Nicolas Roy.
1:25 of 3rd period - Shot Misses the Net.
1:46 of 3rd period - Icing by Jakob Chychrun.
1:47 of 3rd period - Kevin Hayes wins face-off versus Barrett Hayton in Arizona Coyotes zone.
1:54 of 3rd period - Shot by Kevin Hayes.
1:54 of 3rd period - Stopped by Jake Oettinger without a rebound.
1:55 of 3rd period - Vincent Trocheck wins face-off versus Leon Draisaitl in Arizona Coyotes zone.
1:58 of 3rd period - Shot by Artemi Panarin.
1:58 of 3rd period - Goal by Artemi Panarin - Arizona Coyotes : 2 - New York Rangers : 4.
1:59 of 3rd period - Barrett Hayton wins face-off versus Kevin Hayes in neutral zone.
2:04 of 3rd period - Pavel Buchnevich is hit by Christian Fischer and loses puck.
2:13 of 3rd period - Barrett Hayton is hit by Chris Kreider and loses puck.
2:56 of 3rd period - Shot by Matt Boldy.
2:56 of 3rd period - Goal by Matt Boldy - Arizona Coyotes : 2 - New York Rangers : 5.
2:56 of 3rd period - Karel Vejmelka enters game.
2:57 of 3rd period - Nicolas Roy wins face-off versus Shane Pinto in neutral zone.
3:05 of 3rd period - Off-side.
3:06 of 3rd period - Vincent Trocheck wins face-off versus Leon Draisaitl in neutral zone.
3:08 of 3rd period - Off-side.
3:09 of 3rd period - Clayton Keller wins face-off versus Vincent Trocheck in neutral zone.
3:22 of 3rd period - Shot by Clayton Keller.
3:22 of 3rd period - Stopped by Igor Shesterkin with a rebound.
3:30 of 3rd period - Shot by Clayton Keller.
3:30 of 3rd period - Shot Misses the Net.
3:32 of 3rd period - Shot by Jean-Gabriel Pageau.
3:32 of 3rd period - Stopped by Igor Shesterkin without a rebound.
3:33 of 3rd period - Barrett Hayton wins face-off versus Nicolas Roy in New York Rangers zone.
3:48 of 3rd period - Shot by Barrett Hayton.
3:48 of 3rd period - Stopped by Igor Shesterkin with a rebound.
4:30 of 3rd period - Shot by Leon Draisaitl.
4:30 of 3rd period - Stopped by Igor Shesterkin without a rebound.
4:31 of 3rd period - Vincent Trocheck wins face-off versus Shane Pinto in New York Rangers zone.
4:50 of 3rd period - Shot by Jack McBain.
4:50 of 3rd period - Stopped by Igor Shesterkin with a rebound.
4:52 of 3rd period - Shot by Philip Broberg.
4:52 of 3rd period - Stopped by Igor Shesterkin without a rebound.
4:52 of 3rd period - Minor Penalty to Mattias Ekholm for Holding.
4:53 of 3rd period - Luke Glendening wins face-off versus Leon Draisaitl in New York Rangers zone.
5:25 of 3rd period - Shot by Jean-Gabriel Pageau.
5:25 of 3rd period - Stopped by Igor Shesterkin with a rebound.
5:27 of 3rd period - Shot by Rasmus Dahlin.
5:27 of 3rd period - Shot Misses the Net.
5:43 of 3rd period - Shot by Jesper Fast.
5:43 of 3rd period - Shot Blocked by Christian Fischer.
6:21 of 3rd period - Shot by Leon Draisaitl.
6:21 of 3rd period - Shot Misses the Net.
6:23 of 3rd period - Shot by Leon Draisaitl.
6:23 of 3rd period - Deflect By Clayton Keller.
6:23 of 3rd period - Shot Misses the Net.
6:25 of 3rd period - Shot by Clayton Keller.
6:25 of 3rd period - Shot Blocked by Conor Timmins.
6:27 of 3rd period - Shot by Leon Draisaitl.
6:27 of 3rd period - Shot Misses the Net.
6:29 of 3rd period - Shot by Kyle Capobianco.
6:29 of 3rd period - Shot Misses the Net.
6:31 of 3rd period - Shot by Rasmus Dahlin.
6:31 of 3rd period - Shot Misses the Net.
6:33 of 3rd period - Shot by Clayton Keller.
6:33 of 3rd period - Stopped by Igor Shesterkin without a rebound.
6:34 of 3rd period - Barrett Hayton wins face-off versus Luke Glendening in New York Rangers zone.
7:19 of 3rd period - Shot by Tyler Pitlick.
7:19 of 3rd period - Stopped by Igor Shesterkin without a rebound.
7:20 of 3rd period - Shane Pinto wins face-off versus Kevin Hayes in New York Rangers zone.
7:29 of 3rd period - Pavel Buchnevich is hit by Jack McBain and loses puck.
8:16 of 3rd period - Shot by Ryan McDonagh.
8:16 of 3rd period - Stopped by Karel Vejmelka without a rebound.
8:17 of 3rd period - Barrett Hayton wins face-off versus Artemi Panarin in Arizona Coyotes zone.
8:47 of 3rd period - Vincent Trocheck is hit by Christian Fischer and loses puck.
9:27 of 3rd period - Luke Glendening is hit by Dysin Mayo and loses puck.
10:00 of 3rd period - Shot by Cole Perfetti.
10:00 of 3rd period - Deflect By Dawson Mercer.
10:00 of 3rd period - Stopped by Karel Vejmelka without a rebound.
10:01 of 3rd period - Leon Draisaitl wins face-off versus Kevin Hayes in Arizona Coyotes zone.
10:01 of 3rd period - Leon Draisaitl is hit by Chris Kreider.
10:17 of 3rd period - Shot by Leon Draisaitl.
10:17 of 3rd period - Stopped by Igor Shesterkin without a rebound.
10:18 of 3rd period - Shane Pinto wins face-off versus Vincent Trocheck in New York Rangers zone.
10:45 of 3rd period - Shot by Jack McBain.
10:45 of 3rd period - Stopped by Igor Shesterkin with a rebound.
11:06 of 3rd period - Shot by Leon Draisaitl.
11:06 of 3rd period - Stopped by Igor Shesterkin with a rebound.
11:18 of 3rd period - Shot by Leon Draisaitl.
11:18 of 3rd period - Shot Hit the Post.
11:20 of 3rd period - Shot by Jean-Gabriel Pageau.
11:20 of 3rd period - Stopped by Igor Shesterkin without a rebound.
11:21 of 3rd period - Kevin Hayes wins face-off versus Fabian Zetterlund in New York Rangers zone.
11:46 of 3rd period - Shot by Tyler Pitlick.
11:46 of 3rd period - Stopped by Igor Shesterkin with a rebound.
11:48 of 3rd period - Shot by Rasmus Dahlin.
11:48 of 3rd period - Stopped by Igor Shesterkin without a rebound.
11:49 of 3rd period - Nicolas Roy wins face-off versus Leon Draisaitl in New York Rangers zone.
12:05 of 3rd period - Shot by Leon Draisaitl.
12:05 of 3rd period - Shot Misses the Net.
12:45 of 3rd period - Icing by Jean-Gabriel Pageau.
12:46 of 3rd period - Chris Kreider wins face-off versus Leon Draisaitl in Arizona Coyotes zone.
12:47 of 3rd period - Shot by Kevin Hayes.
12:47 of 3rd period - Shot Misses the Net.
12:55 of 3rd period - Shot by Pavel Buchnevich.
12:55 of 3rd period - Stopped by Karel Vejmelka without a rebound.
12:56 of 3rd period - Vincent Trocheck wins face-off versus Shane Pinto in Arizona Coyotes zone.
14:24 of 3rd period - Shot by Jesper Fast.
14:24 of 3rd period - Stopped by Karel Vejmelka without a rebound.
14:25 of 3rd period - Dawson Mercer wins face-off versus Barrett Hayton in Arizona Coyotes zone.
14:51 of 3rd period - Shot by Cole Perfetti.
14:51 of 3rd period - Stopped by Karel Vejmelka without a rebound.
14:52 of 3rd period - Leon Draisaitl wins face-off versus Vincent Trocheck in Arizona Coyotes zone.
14:52 of 3rd period - Clayton Keller is hit by Matt Boldy and loses puck.
15:13 of 3rd period - Shot by Leon Draisaitl.
15:13 of 3rd period - Stopped by Igor Shesterkin without a rebound.
15:14 of 3rd period - Fabian Zetterlund wins face-off versus Luke Glendening in New York Rangers zone.
15:27 of 3rd period - Shot by Alex Nylander.
15:27 of 3rd period - Shot Misses the Net.
17:12 of 3rd period - Icing by K'Andre Miller.
17:13 of 3rd period - Nicolas Roy wins face-off versus Leon Draisaitl in New York Rangers zone.
17:17 of 3rd period - K'Andre Miller is hit by Oliver Ekman-Larsson and loses puck.
17:40 of 3rd period - Shot by Jean-Gabriel Pageau.
17:40 of 3rd period - Shot Blocked by K'Andre Miller.
18:03 of 3rd period - Shot by Chris Kreider.
18:03 of 3rd period - Shot Misses the Net.
18:05 of 3rd period - Shot by Ryan McDonagh.
18:05 of 3rd period - Stopped by Karel Vejmelka without a rebound.
18:06 of 3rd period - Artemi Panarin wins face-off versus Phil Kessel in Arizona Coyotes zone.
18:06 of 3rd period - Artemi Panarin is hit by Rasmus Dahlin.
18:08 of 3rd period - Shot by Vincent Trocheck.
18:08 of 3rd period - Deflect By Matt Boldy.
18:08 of 3rd period - Shot Misses the Net.
18:10 of 3rd period - Shot by Ryan McDonagh.
18:10 of 3rd period - Shot Misses the Net.
18:12 of 3rd period - Shot by Vincent Trocheck.
18:12 of 3rd period - Shot Hit the Post.
18:14 of 3rd period - Shot by Vincent Trocheck.
18:14 of 3rd period - Shot Blocked by Barrett Hayton.
18:16 of 3rd period - Shot by Torey Krug.
18:16 of 3rd period - Goal by Torey Krug - Arizona Coyotes : 2 - New York Rangers : 6.
18:17 of 3rd period - Shane Pinto wins face-off versus Kevin Hayes in neutral zone.
19:07 of 3rd period - Shot by Barrett Hayton.
19:07 of 3rd period - Shot Blocked by Vincent Trocheck.
19:15 of 3rd period - Shot by Artemi Panarin.
19:15 of 3rd period - Shot Misses the Net.
19:19 of 3rd period - Shot by Vincent Trocheck.
19:19 of 3rd period - Stopped by Karel Vejmelka without a rebound.
19:20 of 3rd period - Leon Draisaitl wins face-off versus Luke Glendening in Arizona Coyotes zone.
19:35 of 3rd period - Jean-Gabriel Pageau is hit by Luke Glendening and loses puck.
19:48 of 3rd period - Shot by Leon Draisaitl.
19:48 of 3rd period - Stopped by Igor Shesterkin without a rebound.
19:49 of 3rd period - Vincent Trocheck wins face-off versus Barrett Hayton in New York Rangers zone.
19:58 of 3rd period - Off-side.
19:59 of 3rd period - Shane Pinto wins face-off versus Nicolas Roy in neutral zone.
Goals for this period are 1 for Arizona Coyotes vs 3 for New York Rangers.
Shots for this period are 19 for Arizona Coyotes vs 12 for New York Rangers.